 Dungeon Crawl Stone Soup version 0.30-a0-726-gd89dcf765f (webtiles) character file.

Game seed: 16872186880590897316

71 hikkokomori the Ducker (level 4, -3/35 HPs)
             Began as a Merfolk Gladiator on Jan 30, 2023.
             Killed from afar by an orc wizard (8 damage)
             ... with a puff of flame
             ... on level 3 of the Dungeon.
             The game lasted 00:01:31 (1549 turns).

hikkokomori the Ducker (Merfolk Gladiator)          Turns: 1549, Time: 00:01:32

Health: -3/35      AC:  5    Str: 14    XL:     4   Next: 24%
Magic:  4/4        EV: 14    Int:  7    God:
Gold:   161        SH:  5    Dex: 17    Spells: 3/3 levels left

rFire   . . .      SeeInvis .    a - +0 long sword
rCold   . . .      Faith    .    (no shield)
rNeg    . . .      Spirit   .    b - +0 leather armour
rPois   .          Reflect  +    c - +0 helmet
rElec   .          Harm     .    (no cloak)
rCorr   .          Rampage  .    (no gloves)
Will    .....                    o - +0 pair of boots
Stlth   ++                       g - amulet of reflection
HPRegen 0.25/turn                (no ring)
MPRegen 0.09/turn                (no ring)

@: no status effects
A: (nimble swimmer 2), mertail
a: no special abilities


You were on level 3 of the Dungeon.
You visited 1 branch of the dungeon, and saw 3 of its levels.

You collected 161 gold pieces.

Inventory:

Hand Weapons
 a - a +0 long sword (weapon)
Missiles
 d - 3 throwing nets (quivered)
 e - a javelin
Armour
 b - a +0 leather armour (worn)
 c - a +0 helmet (worn)
 o - a +0 pair of boots (worn)
Jewellery
 g - an amulet of reflection (around neck)
Wands
 m - a wand of flame (7)
Scrolls
 h - a scroll of teleportation {unknown}
 j - a scroll of silence {unknown}
 n - a scroll of identify {unknown}
 p - a scroll of amnesia {unknown}
Potions
 f - 3 potions of attraction {unknown}
 i - a potion of heal wounds {unknown}
 k - a potion of cancellation {unknown}
 l - 3 potions of curing {unknown}


   Skills:
 + Level 3.0 Fighting
 + Level 4.3 Long Blades
 - Level 2.0 Throwing
 + Level 4.8 Dodging
 + Level 2.1 Stealth


You had 3 spell levels left.
You didn't know any spells.
Your spell library contained the following spells:

 Spells                   Type           Power      Damage    Failure   Level
 Freezing Cloud           Conj/Ice/Air   0%         6-21      100%        5
 Simulacrum               Ice/Necr       0%         N/A       100%        6
 Polar Vortex             Ice            0%         N/A       100%        9


Dungeon Overview and Level Annotations

Branches:
Dungeon (3/15)

Altars:


Innate Abilities, Weirdness & Mutations

((You are very nimble when in or above water. (Stealth+, EV+, Speed+++)))
Your lower body shifts to a powerful aquatic tail in water.


Message History

No target in view!
No target in view!
No target in view!
Unknown command.
You miss something. Something hits you but does no damage.
You completely miss something. Something hits you but does no damage.
You hit something. Something barely misses you.
You barely miss something.
Something hits you but does no damage. x2
You hit something. Something hits you but does no damage.
You miss something.
You hear some strange, mumbled words.
You are confused.
You're too confused to attack without stumbling around!
You're too confused to attack without stumbling around!
You're too confused to attack without stumbling around!
You're too confused to attack without stumbling around!
You're too confused to attack without stumbling around!
You're too confused to attack without stumbling around!
You're too confused to attack without stumbling around!
You're too confused to attack without stumbling around!
You bump into the rock wall.
Something hits you.
You bump into the rock wall.
Something hits you.
You barely miss something. Something hits you but does no damage.
You hit something. Something hits you.
You feel less confused.
You closely miss something. Something hits you.
Something hits you but does no damage.
You closely miss something. Something barely misses you.
You miss something. Something hits you.
You miss something. Something hits you.
You closely miss something.
You hear some strange, mumbled words.
A magic dart appears from out of thin air!
The magic dart hits you!
* * * LOW HITPOINT WARNING * * *
You barely miss something. Something hits you but does no damage.
You hear some strange, mumbled words.
A puff of flame appears from out of thin air!
The puff of flame hits you!
You die...

# . #. #.### ######
#.... #....# #....
#.##.#########
#....####.#..........##
#....{@...#..##........
#...))##..#..##........
##....##..#..##........
+....##..#(.##........
#.[..##..#..##........
....#.##..#..........##
#)...#..#..#...........#
#....##.#..##########..#
#..#


There were no monsters in sight!

Vanquished Creatures
  An adder (D:3)
  2 dart slugs (D:1)
  4 orcs (D:3)
  4 bats
  8 endoplasms
  6 giant cockroaches
  2 hobgoblins (D:1)
  2 jackals (D:1)
  2 quokkas
  6 ball pythons
  2 frilled lizards (D:1)
  4 goblins (D:1)
  3 kobolds
  2 rats
48 creatures vanquished.

Notes
Turn   | Place    | Note
-------+----------+-------------------------------------------
     0 | D:1      | hikkokomori the Merfolk Gladiator began the quest for the
                  | Orb.
     0 | D:1      | Reached XP level 1. HP: 16/16 MP: 1/1
    59 | D:1      | Reached XP level 2. HP: 23/23 MP: 2/2
   175 | D:1      | Reached skill level 1 in Stealth
   274 | D:1      | Found a faded altar of an unknown god.
   350 | D:1      | Reached XP level 3. HP: 28/28 MP: 3/3
  1329 | D:3      | Reached XP level 4. HP: 29/34 MP: 4/4
  1549 | D:3      | Killed from afar by an orc wizard

Illustrated notes

Levels and vault maps discovered:
D:1:      lemuel_arrival_lava_pool, layout_loops_cross,
          ebering_ecumenical_altar_box, minmay_tall_x
D:2:      layout_basic
D:3:      layout_basic

Skill      XL: |  1  2  3  4 |
---------------+-------------+-----
Stealth        | 1 2 |  2.1
Long Blades    | 4 |  4.3
Fighting       | 3 |  3.0
Throwing       | |  2.0
Dodging        | |  4.8

Action                     |  1- 3 |  4- 6 || total
---------------------------+-------+-------++-------
  Melee: Long sword        |   104 |    26 ||   130
   Stab: Sleeping          |     3 |       ||     3
 Armour: Leather armour    |    39 |    10 ||    49
  Dodge: Dodged            |    76 |     7 ||    83
  Block: Other             |    17 |     2 ||    19

Table legend: (Time is in decaauts)
 A = Elapsed time spent in this place.
 B = Non-inter-level travel time spent in this place.
 C = Inter-level travel time spent in this place.
 D = Time resting spent in this place.
 E = Time spent auto-exploring this place.
 F = Levels seen in this place.
 G = Mean time per level.
                   A        B        C        D        E       F      G
               +--------+--------+--------+--------+--------+-----+--------+
         Total |   1574 |   1551 |     23 |      0 |   1204 |   3 |  524.7 |
       Dungeon |   1574 |   1551 |     23 |      0 |   1204 |   3 |  524.7 |
               +--------+--------+--------+--------+--------+-----+--------+

Top non-repeatable levels by time:
     D:1: 777 daAuts
     D:2: 529 daAuts
     D:3: 267 daAuts
